 Dungeon Crawl Stone Soup version 0.31.0-32-g396128a36d (webtiles) character file.

Game seed: 11880461178643025784

1249 Logoto the Chopper (level 8, 0/40 (70) HPs)
             Began as a Hill Orc Fighter on Mar 10, 2024.
             Slain by Jeremiah
             ... wielding a +3 trident of draining
              (2 damage)
             ... on level 6 of the Dungeon.
             The game lasted 00:11:59 (5284 turns).

Logoto the Chopper (Hill Orc Fighter)               Turns: 5284, Time: 00:12:00

HP:   0/40 (70)     AC: 12    Str: 21    XL:     8   Next: 50%
MP:   8/8           EV:  8    Int:  8    God:
Gold: 354           SH:  4    Dex: 10    Spells: 7/7 levels left

rFire   . . .        I - +0 flail (heavy)
rCold   . . .        c - +0 buckler
rNeg    . . .        K - +0 chain mail
rPois   .            (no helmet)
rElec   .            A - +0 cloak
rCorr   .            m - +0 pair of gloves
SInv    .            (no boots)
Will    .....        (no amulet) Stlth
                     (no ring)
HPRegen 0.26/turn    (no ring)
MPRegen 0.11/turn

%: no passive effects
@: on berserk cooldown, slowed, very heavily drained, very slow
A: no striking features
a: no special abilities


You were on level 6 of the Dungeon.
You visited 1 branch of the dungeon, and saw 6 of its levels.

You collected 354 gold pieces.

Inventory:

Hand Weapons
 a - a +0 war axe
 e - a +2 dagger of venom
 v - a +1 short sword of venom
 y - a +1 trident of protection
 F - a +1 flail of holy wrath
 I - a +0 heavy flail (weapon)
 M - a +2 long sword
Missiles
 p - 5 atropa-tipped darts (quivered)
 J - 3 boomerangs
 L - 16 stones
Armour
 b - a +0 scale mail
 c - a +0 buckler (worn)
 m - a +0 pair of gloves (worn)
 x - a +1 leather armour of willpower
 A - a +0 cloak (worn)
 K - a +0 chain mail (worn)
Jewellery
 f - a ring of willpower
Wands
 d - a wand of flame (21)
 H - a wand of paralysis (10)
Scrolls
 g - 3 scrolls of identify {unknown}
 l - 3 scrolls of noise {unknown}
 q - 2 scrolls of blinking {unknown}
 r - a scroll of enchant weapon {unknown}
 t - a scroll of immolation {unknown}
 w - 2 scrolls of revelation {unknown}
 z - a scroll of fog {unknown}
 B - 2 scrolls of teleportation {unknown}
 C - a scroll of fear {unknown}
 E - a scroll of amnesia {unknown}
Potions
 h - a potion of curing {unknown}
 i - a potion of heal wounds {unknown}
 j - a potion of resistance {unknown}
 k - a potion of invisibility {unknown}
 n - 2 potions of brilliance
 s - 2 potions of lignification {unknown}
 u - a potion of attraction {unknown}
 D - 2 potions of cancellation {unknown}
 G - a potion of mutation {unknown}


   Skills:
 + Level 6.0 Fighting
 + Level 6.3(7.5) Axes
 + Level 4.9(6.0) Polearms
 + Level 0.2 Throwing
 + Level 6.2 Armour
 + Level 1.5 Dodging
 + Level 0.8 Stealth
 + Level 4.7 Shields


You had 7 spell levels left.
You didn't know any spells.
Your spell library contained the following spells:

 Spells                   Type           Power      Damage    Failure   Level
 Apportation              Tloc           0%         N/A       97%         1
 Kiss of Death            Conj/Necr      0%         2d5       97%         1
 Necrotise                Necr           0%         1d4       97%         1
 Sting                    Conj/Alch      0%         1d3       97%         1
 Summon Small Mammal      Summ           0%         N/A       97%         1
 Frozen Ramparts          Ice            0%         1d1       100%        3
 Hailstorm                Conj/Ice       0%         3d5       100%        3
 Leda's Liquefaction      Alch/Erth      0%         N/A       100%        4
 Petrify                  Alch/Erth      0%         N/A       100%        4
 Arcjolt                  Conj/Air       0%         1d10      100%        5
 Metabolic Englaciation   Hex/Ice        0%         N/A       100%        5


Dungeon Overview and Level Annotations

Branches:
Dungeon (6/15)
 Temple: D:4-7

Altars:

Annotations:
D:6 Jeremiah


Message History

The butterfly disappears in a burst of colours! x3
Jeremiah hits you with a +3 trident of draining.
You feel drained.
Jeremiah hits you with a +3 trident of draining.
You feel drained.
Jeremiah says, "Time for a nap after this, I think."
Jeremiah mumbles a slurred invocation.
Something smites you!
You hit Jeremiah but do no damage.
Jeremiah is lightly wounded.
The butterfly disappears in a burst of colours! x4
Jeremiah barely misses you.
Jeremiah hits you with a +3 trident of draining!
You feel drained.
You miss Jeremiah.
Jeremiah is lightly wounded.
The butterfly disappears in a burst of colours! x3
You block Jeremiah's attack.
Jeremiah says, "I don't want to hurt you.
Just - go!
Run!"
Jeremiah hits you but does no damage.
You feel drained. Jeremiah hits you but does no damage.
You feel drained.
You sock Jeremiah!
Jeremiah is heavily wounded.
The butterfly disappears in a burst of colours! x4
Jeremiah hits you but does no damage.
You feel drained.
Jeremiah cries, "Fearful master, protect me!"
Something smites you!
* * * LOW HITPOINT WARNING * * *
Jeremiah hits you but does no damage.
You feel drained.
You hit the butterfly but do no damage.
The butterfly disappears in a burst of colours! x4
You block Jeremiah's attack.
Jeremiah hits you with a +3 trident of draining.
* * * LOW HITPOINT WARNING * * *
You feel drained.
You miss the butterfly.
The butterfly disappears in a burst of colours! x2
Jeremiah hits you with a +3 trident of draining.
You die...
Jeremiah asks, "What happened?
Did... did you die?"

####.##'### ...#.
#.##.#######...
####.............
#....#....#####.#
#.##[#..#.# #.#
#.##)#..#.## #.#
#.##.#.....####.##
##########b##.#b..........#
.......bbbbF@b..<[........#
##########b##b#.#########.#
#........b#.# .#
#.####.####.# bb #.# #.#
#.# b## #.####.# #.# b#
#......# #.# .. ######.#
#.. .# #.#


You could see Jeremiah.

Vanquished Creatures
  Edmund (D:5)
  An ice beast (D:5)
  A phantom (D:3)
  A bullfrog (D:5)
  3 scorpions (D:5)
  3 wights
  A howler monkey (D:5)
  2 hounds
  A gnoll bouda (D:4)
  2 sleepcaps
  Terence (D:3)
  Jessica (D:2)
  4 iguanas
  Natasha (thrice) (D:2)
  5 gnolls
  5 adders
  A white imp (D:5)
  13 orcs
  4 endoplasms (D:1)
  3 goblins
  7 hobgoblins
  5 jackals
  4 quokkas
  6 ball pythons
  4 bats
  3 frilled lizards
  6 kobolds
  4 rats
95 creatures vanquished.

Notes
Turn   | Place    | Note
-------+----------+-------------------------------------------
     0 | D:1      | Logoto the Hill Orc Fighter began the quest for the Orb.
     0 | D:1      | Reached XP level 1. HP: 19/19 MP: 1/1
   299 | D:1      | Reached XP level 2. HP: 27/27 MP: 2/2
   633 | D:2      | Reached XP level 3. HP: 28/34 MP: 3/3
   952 | D:2      | Noticed Jessica
   976 | D:2      | Killed Jessica
   977 | D:2      | Reached XP level 4. HP: 18/41 MP: 4/4
  1099 | D:2      | Noticed Natasha
  1107 | D:2      | Killed Natasha
  1199 | D:2      | Noticed Natasha
  1210 | D:2      | Killed Natasha
  1211 | D:2      | Reached XP level 5. HP: 45/47 MP: 5/5
  1349 | D:2      | Noticed Natasha
  1358 | D:2      | Killed Natasha
  1359 | D:2      | Reached skill level 5 in Fighting
  1632 | D:3      | Noticed a phantom
  1654 | D:3      | Killed a phantom
  1655 | D:3      | Reached skill level 5 in Axes
  1655 | D:3      | Reached XP level 6. HP: 44/56 MP: 6/6
  1859 | D:3      | Noticed Terence
  1863 | D:3      | Killed Terence
  2182 | D:4      | Reached skill level 1 in Dodging
  2363 | D:4      | Reached skill level 5 in Armour
  2558 | D:4      | Reached XP level 7. HP: 61/61 MP: 7/7
  3232 | D:5      | Entered Level 5 of the Dungeon
  3267 | D:5      | Reached skill level 1 in Polearms
  3845 | D:5      | Reached XP level 8. HP: 70/70 MP: 8/8
  3988 | D:5      | Noticed Edmund
  4017 | D:5      | Killed Edmund
  4586 | D:6      | Got the Catalogue of Blows
  5153 | D:6      | Noticed Jeremiah
  5283 | D:6      | HP: 1/41 [Jeremiah/+3 trident of draining (3)]
  5284 | D:6      | Slain by Jeremiah

Illustrated notes

Levels and vault maps discovered:
D:1:      dpeg_arrival_orchard, layout_loops_ring
D:2:      layout_rooms, uniq_natasha, uniq_jessica
D:3:      layout_loops_cross, serial_glass, glass_columns_a, glass_columns_a,
          chequers_avenue, uniq_terence
D:4:      layout_basic
D:5:      layout_basic, uniq_edmund
D:6:      layout_basic, nicolae_qazlal_beasts_of_the_sky,
          minmay_hollow_rounded_squares, uniq_jeremiah

Skill      XL: |  1  2  3  4  5  6  7  8 |
---------------+-------------------------+-----
Axes           | 3 4 5 6 |  6.3
Fighting       | 4 5 6 |  6.0
Armour         | 4 5 6 |  6.2
Dodging        | 1 |  1.5
Shields        | 4 |  4.7
Polearms       | 3 4 |  4.9
Throwing       | |  0.2
Stealth        | |  0.8

Action                     |  1- 3 |  4- 6 |  7- 9 || total
---------------------------+-------+-------+-------++-------
  Melee: War axe           |    77 |   127 |    41 ||   245
         Trident           |       |       |   160 ||   160
         Flail             |       |       |    20 ||    20
  Throw: Dart              |       |       |     3 ||     3
    Use: Potion            |       |       |     4 ||     4
 Armour: Scale mail        |    67 |    97 |   106 ||   270
         Chain mail        |       |       |    60 ||    60
  Dodge: Dodged            |    43 |    63 |    73 ||   179
  Block: Buckler           |    21 |    34 |    40 ||    95
